 Dungeon Crawl Stone Soup version 0.29-a0-298-g3c90f9a769 (webtiles) character file.

Game seed: 5995151332009641781

153841 Ajdolov the Warrior (level 18, -1/167 HPs)
             Began as a Djinni Earth Elementalist on Mar 22, 2022.
             Was the Champion of Ashenzari.
             Slain by a shard shrike (88 damage)
             ... in an ice cave on Mar 23, 2022.
             The game lasted 01:26:42 (32608 turns).

Ajdolov the Warrior (Djinni Earth Elementalist)    Turns: 32608, Time: 01:26:42

Health: -1/167     AC: 15    Str:  7    XL:     18   Next: 24%
Gold:   23         EV: 23    Int: 25    God:    Ashenzari [******] SH:  6 Dex: 14

rFire   + + .      SeeInvis +   J - staff of earth (curse) {Evo, Self}
rCold   x . .      Faith    .   S - +0 buckler of Ashenzari's Loss {Self, Range} (curse)
rNeg    . . .      Spirit   .   b - +3 leather armour of Apeoromancy {Self, Cun} (curse)
rPois   ∞          Reflect  .   P - +2 hat "Shattered With Me" {Self, Fort} (curse)
rElec   +          Harm     .   d - +1 cloak "Cursed Together" {Self, Cun} (curse)
rCorr   .          Rampage  .   F - +0 pair of gloves "Shattered Together" {rElec, Self, Cun} (curse)
Will    +....      Clarity  +   (boots unavailable)
Stlth   ++++++....              x - amulet of the Profound Fetters {Regen+, Cun, Evo} (curse)
HPRegen 1.17/turn               k - ring of the Lashed Comet {EV+4, Self, Melee} (curse)
MPRegen 0.00/turn               G - ring of Ashenzari's Augurer {AC+4, Self, Melee} (curse)

@: flying
A: sickness immunity, fire resistance 2, cold vulnerability 1, float, innate
caster, HP casting, extra vitality 1
a: Renounce Religion, Shatter the Chains


You were in an ice cave.
You worshipped Ashenzari.
Ashenzari was exalted by your worship.
You visited 5 branches of the dungeon, and saw 27 of its levels.
You also visited: Ossuary and Ice Cave.

You collected 2666 gold pieces.
You spent 2643 gold pieces at shops.

Inventory:

Missiles
 a - 584 stones
 y - 4 throwing nets
 T - 12 curare-tipped darts
Armour
 b - the cursed +3 leather armour of Apeoromancy (worn) {Self, Cun}
   (You took it off an orc on level 8 of the Dungeon)

   It has a curse which improves the following skills: Introspection: Fighting
   and Spellcasting.
   Cunning:   Dodging and Stealth.
 d - the cursed +1 cloak "Cursed Together" (worn) {Self, Cun}
   (You found it on level 1 of the Dungeon)

   It has a curse which improves the following skills: Introspection: Fighting
   and Spellcasting.
   Cunning:   Dodging and Stealth.
 F - the cursed +0 pair of gloves "Shattered Together" (worn) {rElec, Self, Cun}
   (You bought it in a shop on level 4 of the Dungeon)

   rElec:     It insulates you from electricity.
   It has a curse which improves the following skills: Introspection: Fighting
   and Spellcasting.
   Cunning:   Dodging and Stealth.
 P - the cursed +2 hat "Shattered With Me" (worn) {Self, Fort}
   (You took it off Gastronok on level 2 of the Lair of Beasts)

   It has a curse which improves the following skills: Introspection: Fighting
   and Spellcasting.
   Fortitude: Armour and Shields.
 S - the cursed +0 buckler of Ashenzari's Loss (worn) {Self, Range}
   (You took it off a gnoll sergeant on level 12 of the Dungeon)

   It has a curse which improves the following skills: Introspection: Fighting
   and Spellcasting.
   Ranged Combat: Slings, Bows, Crossbows and Throwing.
Magical Staves
 J - a cursed staff of earth (weapon) {Evo, Self}
Jewellery
 k - the cursed ring of the Lashed Comet (left hand) {EV+4, Self, Melee}
   (You found it on level 2 of the Dungeon)

   [ring of evasion]

   EV:        It affects your evasion (+4).
   It has a curse which improves the following skills: Introspection: Fighting
   and Spellcasting.
   Melee Combat: Short Blades, Long Blades, Axes, Maces & Flails, Polearms,
   Staves and Unarmed Combat.
 x - the cursed amulet of the Profound Fetters (around neck) {Regen+, Cun, Evo}
   (You bought it in a shop on level 11 of the Dungeon)

   [amulet of regeneration]

   Regen:     It increases your rate of health regeneration.
   It has a curse which improves the following skills: Cunning: Dodging and
   Stealth.
   Evocations: Evocations.
 C - a ring of ice
 G - the cursed ring of Ashenzari's Augurer (right hand) {AC+4, Self, Melee}
   (You found it on level 8 of the Dungeon)

   [ring of protection]

   AC:        It affects your AC (+4).
   It has a curse which improves the following skills: Introspection: Fighting
   and Spellcasting.
   Melee Combat: Short Blades, Long Blades, Axes, Maces & Flails, Polearms,
   Staves and Unarmed Combat.
Wands
 s - a wand of digging (17)
 u - a wand of charming (7)
 I - a wand of iceblast (26)
 K - a wand of flame (18)
 R - a wand of mindburst (16)
 V - a wand of acid (10)
 X - a wand of polymorph (6)
Scrolls
 c - 13 scrolls of teleportation
 f - a scroll of silence
 l - 3 scrolls of fog
 m - 3 scrolls of immolation
 p - a scroll of enchant armour
 r - 4 scrolls of summoning
 t - 4 scrolls of noise
 v - 3 scrolls of magic mapping
 w - 4 scrolls of fear
 A - 2 scrolls of brand weapon
 B - 2 scrolls of torment
 H - 7 scrolls of blinking
 N - 2 scrolls of enchant weapon
Potions
 e - 3 potions of mutation
 g - 12 potions of curing
 h - 5 potions of might
 n - 4 potions of lignification
 o - 3 potions of berserk rage
 q - 6 potions of haste
 z - 4 potions of heal wounds
 D - 2 potions of cancellation
 E - 4 potions of resistance
 M - 2 potions of brilliance
 O - 2 potions of invisibility
 Q - 2 potions of ambrosia
Miscellaneous
 i - a phantom mirror
 U - a condenser vane
 W - a lightning rod (4/4)
 Z - a phial of floods


   Skills:
 + Level 19.4(27) Fighting
 - Level 10.5(16.6) Dodging
 - Level 10.5(16.6) Stealth
 - Level 7.6(10.3) Shields
 - Level 11.0(20.8) Spellcasting
 + Level 13.3(17.2) Evocations


You had 16 spell levels left.
You knew the following spells:

 Your Spells              Type           Power      Damage    Failure   Level
a - Sandblast             Erth           100%       2d20      0%          1
b - Petrify               Tmut/Erth      100%       N/A       0%          4
c - Stone Arrow           Conj/Erth      100%       3d13      0%          3
d - Lee's Rapid Deconstr  Erth           57%        3d27*     0%          5
e - Sting                 Tmut/Pois      100%       1d8       0%          1
f - Poisonous Vapours     Pois/Air       100%       N/A       0%          2
g - Call Imp              Summ           92%        N/A       0%          2
h - Airstrike             Air            46%        N/A       0%          4
i - Summon Forest         Summ/Tloc      46%        N/A       0%          5
j - Passwall              Tmut/Erth      95%        N/A       0%          2
k - Summon Cactus Giant   Summ           46%        N/A       1%          6
l - Summon Hydra          Summ           46%        N/A       1%          7
Your spell library was empty.

Dungeon Overview and Level Annotations

Branches:
Dungeon (15/15)            Temple (1/1) D:6            Lair (6/6) D:9
  Swamp (0/4) Lair:2        Snake (3/4) Lair:2        Slime (0/5) Lair:5
    Orc (2/2) D:11            Elf (0/3) Orc:2        Vaults (0/5) D:13
 Depths (0/4) D:15        Ossuary (visited)           IceCv (1/1)

Altars:
Ashenzari
Cheibriados
Dithmenos
Elyvilon
Fedhas
Gozag
Hepliaklqana
Kikubaaqudgha
Makhleb
Nemelex Xobeh
Okawaru
Qazlal
Ru
Sif Muna
Trog
Uskayaw
Vehumet
Wu Jian
Xom
Yredelemnul
Zin
The Shining One
Beogh
Lugonu

Shops:
D:3 (   D:4 *   D:7 (   D:8 ?(   D:11 *   D:12 *([   D:15 *   Orc:2 [*(:?
Snake:1 (:((=   Snake:2 ?*=[=

Portals:
Abyss: Lair:6
Trove: D:14 (show slimy rune of Zot)

Annotations:
D:5 2 transporters, conein's ghost, novice DjTm
D:12 Jorgrun
Lair:5 exclusion: 4 oklob plants


Innate Abilities, Weirdness & Mutations

You are immune to sickness and miasma.
You are immune to poison.
Your flesh is very heat resistant. (rF++)
You are vulnerable to cold. (rC-)
You float through the air rather than walking.
You learn spells naturally, not from books.
Your magical power is your life essence.
You have superior vitality. (+4 MHP)


Message History

Press: ? - help, Dir - move target An ice covered rock wall.
You feel a surge of power!
The wall shatters!
The blast of rock fragments hits the white ugly thing!!!
The white ugly thing is severely wounded.
The blast of rock fragments hits the shard shrike!!
The shard shrike is moderately wounded.
The shard shrike is struck by your cactus giant's spines.
The shard shrike claws your cactus giant!
The shard shrike freezes your cactus giant!!
Your cactus giant is destroyed!
Your cactus giant disappears in a puff of smoke!
The shard shrike claws you but does no damage.
Casting: Lee's Rapid Deconstruction (safe; 0% risk of failure)
Confirm with . or Enter, or press ? or * to list all spells.
The shard shrike claws you but does no damage.
The shard shrike claws you! The shard shrike freezes you!!!
You feel a terrible chill!
Unknown command.
You swap places.
The shard shrike spits a shard of ice at you.
The shard of ice hits your cactus giant!!!!
The shard shrike is struck by your cactus giant's spines.
The shard shrike claws your cactus giant!
The shard shrike freezes your cactus giant!!!
Your cactus giant is destroyed!
Your cactus giant disappears in a puff of smoke!
The shard shrike barely misses you.
Casting: Summon Cactus Giant (mildly dangerous; 1% risk of failure)
Confirm with . or Enter, or press ? or * to list all spells.
The shard shrike spits a shard of ice at you.
The shard of ice misses you.
You swap places.
The shard shrike spits a shard of ice at you.
The shard of ice misses you.
Your cactus giant hits the shard shrike with a +0 giant spiked club!!
The shard shrike claws you. The shard shrike freezes you!!!!
You feel a terrible chill!
Ouch! That really hurt!
You die...

**∆*,* , * {, ########## *,,, *
** * ############ # , **
################≈ *#.,
#############...##≈≈≈#≈≈#
...############..##..≈#≈≈≈≈##
,....##########..#####.≈≈#≈#≈#
**#.u..##########..#....#####≈#
* #...##.uC##...#..#.....####
##{{.##.b@#########...####
###################.[.####
##########################
##########################
############## ###########
###########


You could see a shard shrike (ally target), a white ugly thing and a friendly
cactus giant (summoned).

Vanquished Creatures
  Saint Roka (Snake:3)
  Gastronok (Lair:2)
  Frances (D:14)
  The ghost of manifold the Grappler, a journeyman OgTm of Okawaru (Lair:6)
  Louise (Snake:1)
  Azrael (D:14)
  Harold (Orc:1)
  4 hydras
  2 salamander tyrants
  7 naga warriors
  A vault guard (D:13)
  5 boulder beetles
  3 centaur warriors
  6 anacondas
  A death knight (D:10)
  3 two-headed ogres
  A naga sharpshooter (Snake:2)
  A tengu warrior (D:15)
  Sonja (Lair:6)
  A shock serpent (Snake:2)
  3 thrashing horrors (Lair:6)
  An orc high priest (Orc:2)
  5 salamander mystics
  2 large abominations (Lair:6)
  A spark wasp zombie (D:15)
  5 skeletal warriors
  A flayed ghost (D:15)
  A deep elf archer (D:15)
  An orange crystal statue (IceCv)
  6 naga ritualists
  A phantasmal warrior (D:10)
  A wizard (D:12)
  A necromancer (D:15)
  An orc sorcerer (Orc:1)
  4 orc knights
  An iron dragon zombie (D:15)
  A frost giant zombie (D:15)
  7 ugly things
  9 mana vipers
  2 manticores
  A manticore (shapeshifter) (Lair:6)
  9 elephants
  2 deep elf pyromancers
  A wolf spider (D:12)
  20 salamanders
  4 cyclopes
  7 naga magi
  A molten gargoyle (Lair:3)
  26 black mambas
  A smoke demon (Lair:6)
  7 cane toads
  3 guardian serpents
  14 rime drakes
  2 unseen horrors
  A yaktaur (shapeshifter) (Lair:6)
  10 komodo dragons
  4 yaktaurs
  2 kobold demonologists (D:11)
  An efreet (D:14)
  A guardian mummy (D:15)
  A freezing wraith (D:10)
  A tengu conjurer (D:15)
  16 polar bears
  An ancient zyme (Lair:6)
  8 trolls
  A hornet (D:9)
  A meliai (D:12)
  11 dream sheep
  An ettin zombie (D:15)
  32 blink frogs
  2 hogs (D:10)
  3 wraiths
  2 vampires
  5 wyverns
  10 small abominations (Lair:6)
  3 shadows
  4 fire elementals
  8 humans
  2 ynoxinuls (Lair:6)
  2 chaos spawn (Lair:6)
  54 yaks
  2 steam dragons
  5 basilisks
  7 vampire mosquitoes
  16 nagas
  3 wargs
  15 water moccasins
  5 hell hounds (D:14)
  22 orc warriors
  An ice beast (D:5)
  2 sky beasts
  A black bear (D:4)
  10 wolves
  9 ogres
  5 centaurs
  3 phantoms
  2 kobold brigands
  14 bullfrogs
  2 gnoll sergeants (D:6)
  2 necrophages
  A scorpion (D:6)
  6 wights
  14 killer bees
  A howler monkey (D:12)
  5 electric eels
  A centaur zombie (Ossuary)
  2 hounds (D:5)
  6 lava snakes
  13 orc priests
  2 jellies
  2 human zombies (Ossuary)
  3 iguanas
  Natasha (thrice) (D:2)
  17 orc wizards
  12 hell rats
  A hound zombie (Ossuary)
  3 mummies (Ossuary)
  7 adders
  14 gnolls
  2 white imps
  3 ufetubi
  2 adder zombies (Ossuary)
  3 worms
  3 dart slugs (D:3)
  67 orcs
  3 ball pythons
  6 bats
  5 endoplasms
  7 giant cockroaches
  4 gnoll zombies (Ossuary)
  3 goblins
  6 hobgoblins
  3 jackals (D:1)
  21 kobolds
  6 quokkas
  6 frilled lizards
  4 goblin zombies (Ossuary)
  2 hobgoblin zombies (Ossuary)
  6 jackal zombies (Ossuary)
  5 kobold zombies (Ossuary)
  An orc zombie (Ossuary)
  2 quokka zombies (Ossuary)
  4 rats
  3 rat zombies (Ossuary)
  3 snaplasher vines (Orc:2)
801 creatures vanquished.

Vanquished Creatures (collateral kills)
  An orc warlord (Orc:2)
  A white draconian (IceCv)
  2 naga warriors
  An ironbound frostheart (IceCv)
  A two-headed ogre (D:12)
  3 orc high priests (Orc:2)
  A shock serpent (Snake:1)
  2 naga ritualists
  3 orc knights (Orc:2)
  A deep elf pyromancer (D:12)
  2 salamanders
  3 ugly things (IceCv)
  A cyclops (D:12)
  6 orc sorcerers
  A mana viper (Snake:1)
  6 black mambas
  A gargoyle (D:12)
  2 naga magi
  A cane toad (Lair:6)
  A yaktaur (D:12)
  A polar bear (IceCv)
  A wyvern (Lair:6)
  2 wraiths (D:12)
  15 yaks
  2 nagas (Snake:1)
  2 acid dragons (D:12)
  12 orc warriors
  A centaur (D:12)
  A gnoll sergeant (D:12)
  7 orc priests (Orc:2)
  5 orc wizards
  4 gnolls (D:12)
  13 orcs
  2 kobolds (D:10)
  A bush (Lair:2)
109 creatures vanquished.

Vanquished Creatures (others)
  A vault guard (D:13)
  A deep elf pyromancer (D:12)
  3 humans (D:13)
  An orc warrior (Snake:3)
  A gnoll (D:12)
  An orc (Snake:3)
  21 fungi
  50 plants
  5 snaplasher vines
  5 withered plants (D:15)
89 creatures vanquished.

Grand Total: 999 creatures vanquished

Notes
Turn   | Place    | Note
-------+----------+-------------------------------------------
     0 | D:1      | Ajdolov the Djinni Earth Elementalist began the quest for
                  | the Orb.
     0 | D:1      | Reached XP level 1. HP: 15/15 MP: 0/0
    74 | D:1      | Reached XP level 2. HP: 14/21 MP: 0/0
   835 | D:1      | Reached XP level 3. HP: 24/25 MP: 0/0
   835 | D:1      | Learned a level 1 spell: Sting
  1400 | D:2      | Reached XP level 4. HP: 27/31 MP: 0/0
  1757 | D:2      | Noticed Natasha
  1759 | D:2      | Killed Natasha
  1762 | D:2      | Reached XP level 5. HP: 31/35 MP: 0/0
  1762 | D:2      | Learned a level 2 spell: Poisonous Vapours
  1880 | D:2      | Noticed Natasha
  1883 | D:2      | Killed Natasha
  1958 | D:2      | Noticed Natasha
  1960 | D:2      | Killed Natasha
  2225 | D:3      | Found a faded altar of an unknown god.
  2225 | D:3      | Found a bloodstained altar of Trog.
  2231 | D:3      | Found a sparkling altar of Nemelex Xobeh.
  2233 | D:3      | Found a hazy altar of Hepliaklqana.
  2234 | D:3      | Found a glowing silver altar of Zin.
  2424 | D:3      | Reached XP level 6. HP: 23/40 MP: 0/0
  2610 | D:3      | Reached skill level 5 in Spellcasting
  2894 | D:3      | Found Vobborph's Weapon Emporium.
  2918 | D:3      | Found a sacrificial altar of Ru.
  3239 | D:4      | Noticed an ogre
  3243 | D:4      | Killed an ogre
  3351 | D:4      | Reached XP level 7. HP: 40/45 MP: 0/0
  3351 | D:4      | Learned a level 2 spell: Call Imp
  3611 | D:4      | Noticed a fire elemental
  3743 | D:4      | Found a stormy altar of Qazlal.
  3746 | D:4      | Noticed a water elemental
  4452 | D:4      | Noticed an air elemental
  4483 | D:4      | Found Menaruf's Assorted Antiques.
  4687 | D:5      | Entered Level 5 of the Dungeon
  4704 | D:5      | Reached XP level 8. HP: 27/51 MP: 0/0
  4859 | D:5      | Reached skill level 1 in Fighting
  4868 | D:5      | Reached skill level 2 in Fighting
  5654 | D:5      | Identified the +5 trident of Dithmenos's Grace {venom,
                  | *Slow rElec Str+4 SInv}
  5654 | D:5      | Identified the +0 kite shield of Meng {-Tele +Inv Int+4
                  | Dex+7}
  5666 | D:5      | Noticed conein's ghost (novice DjTm)
  5678 | D:5      | Found a transporter.
  5678 | D:5      | Found a transporter.
  5803 | D:5      | Reached skill level 3 in Fighting
  6031 | D:6      | Found a broken altar of Ashenzari.
  6037 | D:6      | Reached XP level 9. HP: 26/62 MP: 0/0
  6037 | D:6      | Learned a level 4 spell: Airstrike
  6347 | D:6      | Reached skill level 4 in Fighting
  6847 | D:6      | Found a staircase to the Ecumenical Temple.
  6867 | Temple   | Entered the Ecumenical Temple
  7121 | D:6      | Became a worshipper of Ashenzari the Shackled
  7131 | D:6      | Reached skill level 5 in Fighting
  7522 | D:7      | Reached skill level 6 in Fighting
  7656 | D:7      | Found Himau's Weapon Shop.
  7700 | D:7      | Found an iron altar of Okawaru.
  7938 | D:7      | Found a sand-covered staircase.
  7941 | Ossuary  | Entered an ossuary
  8901 | D:7      | Reached skill level 7 in Fighting
  8901 | D:7      | Reached skill level 5 in Dodging
  8992 | D:7      | Reached XP level 10. HP: 69/75 MP: 0/0
  9581 | D:8      | Found Astruyck's Magic Scroll Emporium.
  9586 | D:8      | Bought a scroll of blinking for 90 gold pieces
  9666 | D:4      | Bought a pair of spiked gloves for 209 gold pieces
  9666 | D:4      | Identified the +0 pair of gloves of the Lobster {rElec}
                  | (You bought it in a shop on level 4 of the Dungeon)
  9758 | D:8      | Reached skill level 8 in Fighting
 10481 | D:8      | Found Kuazoff's Weapon Shop.
 10547 | D:8      | Reached skill level 9 in Fighting
 10952 | D:8      | Found a shadowy altar of Dithmenos.
 11749 | D:9      | Found a staircase to the Lair.
 11795 | D:9      | Reached XP level 11. HP: 31/85 MP: 0/0
 11795 | D:9      | Learned a level 5 spell: Summon Forest
 12640 | D:10     | Entered Level 10 of the Dungeon
 12642 | D:10     | Noticed a death knight
 12642 | D:10     | Noticed a phantasmal warrior
 12719 | D:10     | Reached skill level 10 in Fighting
 13297 | D:10     | Found a shimmering altar of Xom.
 13438 | D:10     | Killed a death knight
 13883 | D:10     | Killed a phantasmal warrior
 14423 | D:11     | Reached skill level 11 in Fighting
 15331 | D:11     | Reached XP level 12. HP: 80/95 MP: 0/0
 15468 | D:11     | You are sucked into a shaft and drop 3 floors!
 15571 | D:13     | Noticed a centaur warrior
 15580 | D:13     | Killed a centaur warrior
 15815 | D:13     | Noticed a boulder beetle
 16024 | D:12     | Found Huem's Antique Weapon Shop.
 16039 | D:12     | Noticed a two-headed ogre
 16043 | D:12     | Killed a two-headed ogre
 16044 | D:12     | Reached skill level 10 in Spellcasting
 16201 | D:12     | Reached * piety under Ashenzari
 16225 | D:12     | Reached skill level 12 in Fighting
 16436 | D:12     | Found Amoawnuq's Assorted Antiques.
 16467 | D:12     | Noticed a two-headed ogre
 16477 | D:12     | Killed a two-headed ogre
 16876 | D:12     | Identified the +5 plate armour of Joduy {+Inv Will- Str-2
                  | Int+9}
 17051 | D:12     | Reached XP level 13. HP: 87/105 MP: 0/0
 17051 | D:12     | Learned a level 5 spell: Lee's Rapid Deconstruction
 17070 | D:12     | Reached skill level 13 in Fighting
 17075 | D:12     | Reached skill level 10 in Dodging
 17122 | D:12     | Noticed Jorgrun
 17308 | D:12     | Noticed a boulder beetle
 17318 | D:12     | Killed a boulder beetle
 17422 | D:12     | Identified the +5 glaive of Biseics {vamp, Fly rPois Str+3}
 17464 | D:12     | Noticed a six-headed hydra
 17814 | D:11     | Found Suhuff's Neck Hole.
 18026 | D:11     | Found a staircase to the Orcish Mines.
 18181 | Lair:1   | Entered Level 1 of the Lair of Beasts
 18774 | Lair:1   | Reached skill level 5 in Stealth
 18867 | Lair:1   | Reached ** piety under Ashenzari
 19627 | Lair:2   | Reached skill level 14 in Fighting
 19796 | Lair:2   | Found a staircase to the Swamp.
 19932 | Lair:2   | Noticed Gastronok
 19941 | Lair:2   | Killed Gastronok
 20048 | Lair:2   | Reached *** piety under Ashenzari
 20056 | Lair:2   | Reached XP level 14. HP: 92/121 MP: 0/0
 20506 | Lair:2   | Found a staircase to the Snake Pit.
 21160 | D:11     | Bought an amulet of regeneration for 450 gold pieces
 21354 | Lair:3   | Reached skill level 1 in Shields
 21834 | Lair:3   | Reached **** piety under Ashenzari
 21972 | Lair:3   | Found a sparkling altar of Nemelex Xobeh.
 22241 | Lair:4   | Identified a scroll of acquirement
 22303 | Lair:4   | Acquired 586 gold pieces
 23293 | Lair:5   | Reached skill level 5 in Shields
 23383 | Lair:5   | Found a staircase to the Slime Pits.
 23768 | Lair:6   | Entered Level 6 of the Lair of Beasts
 23797 | Lair:6   | Found a runed translucent door.
 23816 | Lair:6   | Noticed manifold's ghost (journeyman OgTm)
 23820 | Lair:6   | Reached skill level 1 in Evocations
 23979 | Lair:6   | Reached XP level 15. HP: 121/133 MP: 0/0
 23979 | Lair:6   | Learned a level 6 spell: Summon Cactus Giant
 23987 | Lair:6   | Reached skill level 15 in Fighting
 24184 | D:11     | Reached ***** piety under Ashenzari
 24340 | Lair:6   | Noticed Sonja
 24344 | Lair:6   | Killed Sonja
 24558 | Lair:6   | Reached skill level 10 in Stealth
 24600 | Lair:6   | Found a one-way gate to the infinite horrors of the Abyss.
 24858 | Lair:6   | Found a corrupted altar of Lugonu.
 25389 | Lair:6   | Killed manifold's ghost
 25897 | D:12     | Found Rorchih's Antique Armour Shop.
 26071 | D:12     | Bought a pitted helmet for 275 gold pieces
 26071 | D:12     | Identified the +0 helmet of Baldness {rElec rF+ rC- Dex+3}
                  | (You bought it in a shop on level 12 of the Dungeon)
 26075 | D:12     | Bought an embroidered cloak for 217 gold pieces
 26445 | D:13     | Found a gate to the Vaults.
 26823 | D:13     | Found a blossoming altar of Fedhas.
 26905 | D:13     | Reached skill level 5 in Evocations
 27025 | D:14     | Found a portal to a secret trove of treasure.
 27134 | D:14     | Noticed Frances
 27144 | D:14     | Killed Frances
 27256 | D:14     | Noticed Azrael
 27264 | D:14     | Reached skill level 16 in Fighting
 27264 | D:14     | Killed Azrael
 27432 | D:15     | Entered Level 15 of the Dungeon
 27484 | D:15     | Reached XP level 16. HP: 139/147 MP: 0/0
 27593 | D:15     | Found a staircase to the Depths.
 27843 | D:15     | Found Hest's Assorted Antiques.
 27852 | D:15     | Bought a scroll of teleportation for 57 gold pieces
 27852 | D:15     | Bought a scroll of teleportation for 57 gold pieces
 27852 | D:15     | Bought a wand of iceblast (4) for 76 gold pieces
 28471 | Orc:1    | Entered Level 1 of the Orcish Mines
 28538 | Orc:1    | Noticed Harold
 28544 | Orc:1    | Killed Harold
 28864 | Orc:2    | Entered Level 2 of the Orcish Mines
 28864 | Orc:2    | Found a staircase to the Elven Halls.
 28864 | Orc:2    | Found Utwoaxze's Magic Scroll Boutique.
 28888 | Orc:2    | Bought a scroll of teleportation for 33 gold pieces
 28888 | Orc:2    | Bought a scroll of summoning for 104 gold pieces
 28888 | Orc:2    | Bought a scroll of summoning for 104 gold pieces
 29110 | Orc:2    | Paralysed by an orc sorcerer for 7 turns
 29433 | Orc:2    | Reached skill level 17 in Fighting
 29657 | Orc:2    | Found Zeicicuf's General Store.
 29661 | Orc:2    | Found Ogen Ac Dea's Antique Armour Shop.
 29662 | Orc:2    | Found Vaale's Antique Weapon Shop.
 29663 | Orc:2    | Found Noergh's Book Boutique.
 29953 | Snake:1  | Entered Level 1 of the Snake Pit
 30352 | Snake:1  | Identified the +1 tower shield of the Zebra {-Cast Harm rF-
                  | rN+++}
 30352 | Snake:1  | Noticed Louise
 30354 | Snake:1  | Killed Louise
 30363 | Snake:1  | Reached skill level 10 in Evocations
 30439 | Snake:1  | Found Ukaov's Jewellery Shoppe.
 30468 | Snake:1  | Reached XP level 17. HP: 143/158 MP: 0/0
 30468 | Snake:1  | Learned a level 7 spell: Summon Hydra
 30555 | Snake:1  | Found Nuafetue's Weapon Shoppe.
 30670 | Snake:1  | Found Cer Riaf's Weapon Boutique.
 30672 | Snake:1  | Found Tigok's Book Shoppe.
 30896 | Snake:1  | Reached ****** piety under Ashenzari
 30909 | Snake:1  | Reached skill level 18 in Fighting
 31095 | Snake:1  | Found Heann's Weapon Boutique.
 31403 | Snake:2  | Found Maocurgh's Jewellery Emporium.
 31432 | Snake:2  | Found Losoism's Armour Shoppe.
 31496 | Snake:2  | Found Qeitixti's General Store.
 31536 | Snake:2  | Bought a phantom mirror for 680 gold pieces
 31685 | Snake:2  | Found Olajaab's Magic Scroll Emporium.
 31710 | Snake:2  | Bought a scroll of blinking for 97 gold pieces
 31710 | Snake:2  | Bought a scroll of enchant armour for 97 gold pieces
 31710 | Snake:2  | Bought a scroll of blinking for 97 gold pieces
 31756 | Snake:2  | Found Puosuck's Jewellery Emporium.
 31983 | Snake:3  | Noticed Saint Roka
 32027 | Snake:3  | Killed Saint Roka
 32028 | Snake:3  | Reached skill level 19 in Fighting
 32230 | Snake:3  | Found a frozen archway.
 32239 | IceCv    | Entered an ice cave
 32247 | IceCv    | Reached XP level 18. HP: 163/167 MP: 0/0
 32591 | IceCv    | Noticed a shard shrike
 32608 | IceCv    | Slain by a shard shrike

Illustrated notes

Levels and vault maps discovered:
D:1:      amcnicky_arrival_underground_garden, layout_loops_ring
D:2:      cheibrodos_old_hovel, layout_loops_cross, small_statue_intersection,
          uniq_natasha
D:3:      layout_basic, mainiacjoe_overflow_brackets,
          chequers_temple_overflow_minitemple, serial_shops, shop
D:4:      layout_basic, nicolae_qazlal_style_of_elements, serial_shops,
          nicolae_lakefront_shop, grunt_ministairs_11, columned_hall_lemuel
D:5:      layout_basic, mainiacjoe_overflow_boulevard,
          gammafunk_ghost_gnarly_gnolls
D:6:      layout_basic, ashenzari_altar_1, minmay_temple_entry_steel_oval
D:7:      layout_loops_ring, general_overflow_altar, serial_shops,
          nicolae_shop_bloodbath_and_beyond,
          lightli_ossuary_entry_decrepit_ruins, mrwooster_statue_mirror,
          grunt_decor_junction, grunt_ogre_cave
D:8:      layout_cave_pools, nicolae_dithmenos_through_a_glass_darkly,
          serial_shops, nicolae_stop_n_shop_2, shop
D:9:      layout_basic, lair_entry_dummy
D:10:     layout_cave_pods, nicolae_sif_muna_condensation,
          mainiacjoe_overflow_surrounded_room, minmay_misc_feat_tiny,
          grunt_livestock
D:11:     layout_small_grid, erik_orc_2, nicolae_shop_sticking_my_neck_out
D:12:     minmay_the_grid_triangle_9x9_recursive_3_mashed
          [minmay_the_grid_triangle_9x9_empty,
          minmay_the_grid_triangle_9x9_checkered,
          minmay_the_grid_triangle_9x9_steps,
          minmay_the_grid_triangle_9x9_prize_center,
          minmay_the_grid_triangle_9x9_longest,
          minmay_the_grid_triangle_9x9_windchime,
          minmay_the_grid_triangle_9x9_negative_grid,
          minmay_the_grid_triangle_9x9_warning,
          minmay_the_grid_triangle_9x9_zippers_vertical], layout_basic,
          serial_shops, shop, nicolae_inconvenience_store,
          kennysheep_little_box, nicolae_take_the_stairs, minivault_27,
          uniq_jorgrun
D:13:     layout_basic, ximxim_vaults_locker_room, fedhas_altar_4
D:14:     layout_rooms, nicolae_trove_entry_isolated, serial_corexii_hall,
          chequers_hall_statues_wall_a, corexii_hall_statues_x,
          roderic_cross_of_infinity, lemuel_old_faithful, uniq_azrael,
          uniq_frances
D:15:     gammafunk_depths_entry_grave, layout_long_grid, serial_shops,
          nicolae_shop_stone, minivault_26
Temple:   jpeg_temple_alley_garden
Lair:1:   layout_hall_layers, grunt_megastairs_3
Lair:2:   layout_regular_city, minmay_swamp_entry_swarm,
          guppyfry_snake_entry_garden, st_stairs_3, uniq_gastronok
Lair:3:   cheibrodos_magma_flow, layout_loops_ring, basic_altar,
          beast_lair_carwin_10
Lair:4:   layout_gridlike, minmay_holes
Lair:5:   layout_loops_ring, minmay_slime_entry_oklob_open, grunt_megastairs_5
Lair:6:   hellmonk_lair_end_abyssal_woods, layout_gridlike,
          hellmonk_ghost_happy_afterlife, serial_bayou_pond_b,
          chequers_serial_rivers_room_b, infiniplex_staircase_pool_2,
          lemuel_fruit_fields, uniq_sonja
Snake:1:  layout_basic, serial_shops,
          nicolae_shop_temple_entry_statues_fountains, shop,
          nicolae_shop_hallway_stairs, nicolae_shop_statue_plus, shop_fountains,
          nicolae_snake_salamander_fort, uniq_louise
Snake:2:  layout_onion_interference, serial_shops, shop_fountains, shop,
          nicolae_shop_advertising_works [nicolae_subvault_shop_adworks],
          nicolae_shop_stone, shop, nicolae_snake_serpentine_hallways,
          library_closet
Snake:3:  layout_layer_cave, portal_ice_cave_entry_pillars_four,
          serial_bayou_pond_b, grunt_megastairs_2, uniq_saint_roka
Orc:1:    layout_diamond_mine, uniq_harold
Orc:2:    st_orc_congregation, layout_diamond_mine, basic_altar, serial_shops,
          shop
IceCv:    ice_cave_caverns_03

Skill      XL: |  1  2  3  4  5  6  7  8  9 10 11 12 13 14 15 16 17 18 |
---------------+-------------------------------------------------------+-----
Spellcasting   | 3 4 5 6 7 8 9 10 11 | 11.0
Fighting       | 3 7 9 11 12 14 16 17 19 | 19.4
Dodging        | 5 7 8 9 10 | 10.5
Stealth        | 7 9 10 | 10.5
Shields        | 6 7 |  7.6
Evocations     | 1 6 10 12 13 | 13.3

Action                   |  1- 3 |  4- 6 |  7- 9 | 10-12 | 13-15 | 16-18 || total
-------------------------+-------+-------+-------+-------+-------+-------++-------
Melee: Unarmed           |     2 |       |       |       |       |       ||     2
       Whip              |    14 |     1 |       |     1 |       |       ||    16
 Cast: Sandblast         |    40 |    66 |    15 |       |       |       ||   121
       Sting             |     2 |       |       |       |       |       ||     2
       Poisonous Vapours |       |     2 |     2 |    30 |    49 |    51 ||   134
       Stone Arrow       |       |     5 |   163 |   236 |   325 |   167 ||   896
       Summon Forest     |       |       |       |     8 |     5 |    10 ||    23
       Airstrike         |       |       |       |     6 |     5 |       ||    11
       Lee's Rapid Decon |       |       |       |       |   202 |   227 ||   429
       Summon Cactus Gia |       |       |       |       |     3 |    14 ||    17
       Summon Hydra      |       |       |       |       |       |    16 ||    16
Invok: Curse Item        |       |       |       |     2 |     5 |     2 ||     9
Evoke: Condenser vane    |       |       |       |       |       |     1 ||     1
  Use: Scroll            |       |       |       |    18 |     1 |     1 ||    20
       Potion            |       |       |       |       |       |     1 ||     1
 Stab: Sleeping          |     2 |       |       |       |       |       ||     2
Armor: Robe              |     8 |     3 |     9 |       |       |       ||    20
       Steam dragon scal |       |       |       |     9 |       |       ||     9
       Leather armour    |       |       |       |    16 |    27 |    35 ||    78
Dodge: Dodged            |    28 |     7 |    33 |    79 |   142 |   136 ||   425
Block: Buckler           |       |       |       |       |    19 |    43 ||    62

Table legend: (Time is in decaauts)
 A = Elapsed time spent in this place.
 B = Non-inter-level travel time spent in this place.
 C = Inter-level travel time spent in this place.
 D = Time resting spent in this place.
 E = Time spent auto-exploring this place.
 F = Levels seen in this place.
 G = Mean time per level.
                   A        B        C        D        E       F      G
               +--------+--------+--------+--------+--------+-----+--------+
         Total |  32652 |  30461 |   2191 |   6369 |  19039 |  29 | 1125.9 |
       Dungeon |  20453 |  19001 |   1452 |   4287 |  12009 |  15 | 1363.5 |
        Temple |    239 |    186 |     53 |      0 |    172 |   1 |  239.0 |
          Lair |   7483 |   6922 |    561 |   1235 |   4512 |   6 | 1247.2 |
     Snake Pit |   1935 |   1885 |     50 |    465 |    897 |   3 |  645.0 |
  Orcish Mines |   1359 |   1285 |     74 |    150 |    759 |   2 |  679.5 |
       Ossuary |    812 |    812 |      0 |    103 |    607 |   1 |  812.0 |
      Ice Cave |    368 |    368 |      0 |    129 |     83 |   1 |  368.0 |
               +--------+--------+--------+--------+--------+-----+--------+

Top non-repeatable levels by time:
    D:10: 2089 daAuts
  Lair:2: 2073 daAuts
    D:12: 2024 daAuts
     D:5: 1916 daAuts
     D:7: 1722 daAuts
    D:11: 1691 daAuts
     D:4: 1560 daAuts
     D:9: 1502 daAuts
  Lair:1: 1421 daAuts
  Lair:6: 1413 daAuts
    D:13: 1410 daAuts
     D:8: 1215 daAuts
     D:3: 1179 daAuts
     D:1: 1026 daAuts
  Lair:3: 1025 daAuts
